 Dungeon Crawl Stone Soup version 0.29-a0-998-g1987434951 (webtiles) character file.

Game seed: 16336097465122026196

515 spiderkeys the Sneak (level 7, -2/47 HPs)
             Began as an Octopode Brigand on Aug 5, 2022.
             Was a Priest of Lugonu.
             Slain by an orc priest
             ... wielding a +0 mace
              (5 damage)
             ... on level 5 of the Dungeon.
             The game lasted 00:04:25 (4802 turns).

spiderkeys the Sneak (Octopode Brigand)             Turns: 4802, Time: 00:04:25

Health: -2/47      AC:  1    Str: 10    XL:     7   Next: 20%
Magic:  18/18      EV: 14    Int: 13    God:    Lugonu [***...]
Gold:   115        SH:  0    Dex: 16    Spells: 6/6 levels left

rFire   . . .      SeeInvis .   a - +2 dagger
rCold   . . .      Faith    .   h - orb {guile}
rNeg    . . .      Spirit   .   (helmet restricted)
rPois   .          Reflect  .   (no amulet)
rElec   .          Harm     .   W - ring of magical power
rCorr   .          Rampage  .   (no ring)
Will    .....                   (no ring)
Stlth   +++++.....              (no ring)
HPRegen 0.15/turn               (no ring)
MPRegen 0.16/turn               (no ring)
                                (no ring)
                                (no ring)

@: no status effects
A: almost no armour, amphibious, 8 rings, camouflage 1, gelatinous body 1,
(nimble swimmer 1), tentacles
a: Renounce Religion, Depart the Abyss, Bend Space, Banish


You were on level 5 of the Dungeon.
You worshipped Lugonu.
Lugonu was most pleased with you.
You visited 1 branch of the dungeon, and saw 5 of its levels.

You collected 115 gold pieces.


Innate Abilities, Weirdness & Mutations

You cannot wear most types of armour.
You are amphibious.
You can wear up to eight rings at the same time.
Your skin changes colour to match your surroundings (Stealth+).
Your rubbery body absorbs attacks. (AC +1, EV +1)
((You are camouflaged when in or above water. (Stealth+)))
You have tentacles for arms and can constrict up to eight enemies at once.


   Skills:
 + Level 3.7 Fighting
 - Level 2.0(2.8) Short Blades
 + Level 3.0(3.3) Long Blades
 - Level 2.3 Throwing
 + Level 3.3 Dodging
 + Level 7.0 Stealth
 + Level 3.0 Invocations


You had 6 spell levels left.
You didn't know any spells.
Your spell library contained the following spells:

 Spells                   Type           Power      Damage    Failure   Level
 Call Canine Familiar     Summ           0%         N/A       67%         3
 Gell's Gravitas          Tloc           0%         N/A       67%         3
 Portal Projectile        Hex/Tloc       0%         N/A       67%         3
 Teleport Other           Tloc           0%         N/A       67%         3
 Leda's Liquefaction      Hex/Erth       0%         N/A       97%         4
 Dispersal                Tloc           0%         N/A       100%        6
 Chain Lightning          Conj/Air       0%         N/A       100%        9
 Fire Storm               Conj/Fire      0%         5d1       100%        9
 Shatter                  Erth           0%         3d5*      100%        9

Inventory:

Hand Weapons
 a - a +2 dagger (weapon)
Missiles
 b - 26 poisoned darts (quivered)
 c - 2 curare-tipped darts {=f}
 j - 16 stones
 q - 9 boomerangs
Armour
 h - an orb of guile (worn)
   (You found it on level 2 of the Dungeon)
Magical Staves
 l - a staff of poison {!a}
   (You found it on level 2 of the Dungeon)
Jewellery
 W - a ring of magical power (left tentacle)
   (You found it on level 3 of the Dungeon)
Scrolls
 d - 6 scrolls of identify {unknown}
 i - a scroll of amnesia {unknown}
 k - a scroll of noise {unknown}
 n - 2 scrolls of butterflies {unknown}
 o - 2 scrolls of teleportation {unknown}
 u - a scroll of brand weapon {unknown}
Potions
 e - 2 potions of might {unknown}
 f - 6 potions of curing {unknown}
 g - 2 potions of attraction {unknown}
 m - a potion of heal wounds {unknown}
 p - a potion of ambrosia {unknown}
 r - a potion of degeneration {unknown}
 s - a potion of resistance {unknown}
 t - a potion of berserk rage {unknown}

Dungeon Overview and Level Annotations

Branches:
Dungeon (5/15) Zot: 25214  Temple (0/1) D:4

Altars:
Elyvilon
Lugonu

...####.....##
>... ..##
##...## #..l
<.# ##..##
###..# #.#
#....###...#
..#
##.........#
..#
#.........##
#..........#
##.........##
#######..o@#
###o)).....#
##.......#
#.<....##
########


You could see 2 orc priests.


Message History

There is a stone staircase leading up here.
You climb upwards.
There is a stone staircase leading down here.
Found a white marble altar of Elyvilon.
Done exploring.
There is a stone staircase leading down here.
You climb downwards.
There is a stone staircase leading up here.
There is a stone staircase leading up here.
There is an escape hatch in the floor here.
You slide downwards.
The hatch slams shut behind you.
You hear the hiss of flowing sand.
There is an entrance to an ossuary on this level.
Hurry and find it before the portal is buried!
Found a stone staircase leading up.
The helpless hound fails to defend itself.
You impale the hound!!
You kill the hound!
Lugonu accepts your kill.
Your Long Blades skill increases to level 3!
Your Stealth skill increases to level 7!
No target in view!
No target in view!
An orc wizard comes into view. It is wielding a +0 dagger.
An orc priest comes into view. It is wielding a +0 mace.
An orc priest comes into view. It is wielding a +0 flail.
Found a stone staircase leading up.
An iguana comes into view.
Found a stone staircase leading down.
An orc comes into view. It is wielding a +0 dagger.
The orc shouts!
The orc wizard shouts!
The orc priest shouts!
The orc wizard hits you but does no damage.
You hit the orc wizard. Your grab misses the orc wizard.
The orc wizard closely misses you.
You barely miss the orc wizard. You grab the orc wizard.
You constrict the orc wizard, but do no damage.
The orc wizard hits you with a +0 dagger.
The orc priest hits you with a +0 flail.
The orc priest barely misses you. 😕 HP[-7]
You take 7 damage, and now have 40/47 hp.
You hit the orc wizard. You constrict the orc wizard.
The orc wizard hits you with a +0 dagger.
The orc priest closely misses you.
The orc priest looks encouraged for a moment. 😕 HP[-2]
You take 2 damage, and now have 38/47 hp.
You hit the orc wizard. You tentacle-slap the orc wizard.
You squeeze the orc wizard. You constrict the orc wizard.
The orc wizard hits you with a +0 dagger. 😮 HP[-4]
You take 4 damage, and now have 34/47 hp.
You are too injured to fight recklessly!
You are too injured to fight recklessly!
You are too injured to fight recklessly!
You closely miss the orc. You grab the orc. You constrict the orc.
You constrict the orc wizard.
You kill the orc wizard!
Lugonu accepts your kill.
The orc priest calls down the wrath of Beogh upon you.
You barely resist.
Your Invocations skill increases to level 3!
You barely miss the orc priest. You grab the orc priest. You constrict the orc.
You constrict the orc priest, but do no damage.
The orc priest hits you with a +0 mace.
The orc priest calls upon Beogh to heal the orc.
The orc's wounds heal themselves!
The orc hits you with a +0 dagger. 😮 HP[-5]
You take 5 damage, and now have 29/47 hp.
You closely miss the orc priest. Your grab misses the orc priest.
You constrict the orc.
You constrict the orc priest, but do no damage.
The orc priest hits you with a +0 flail.
The orc hits you with a +0 dagger.
The orc priest barely misses you. 😮 HP[-4]
You take 4 damage, and now have 25/47 hp.
You hit the orc priest. Your grab misses the orc priest. You constrict the orc.
You constrict the orc priest. You hit the orc priest. You grab the orc priest.
You constrict the orc.
You kill the orc!
Lugonu accepts your kill.
You constrict the orc priest. x2; The orc priest misses you.
The orc priest hits you with a +0 mace!
* * * LOW HITPOINT WARNING * * *
😨 HP[-7]
You take 7 damage, and now have 18/47 hp.
You hit the orc priest. You squeeze the orc priest.
You constrict the orc priest, but do no damage.
You constrict the orc priest.
The orc priest hits you with a +0 flail.
* * * LOW HITPOINT WARNING * * *
The orc priest closely misses you. 😨 HP[-5]
You take 5 damage, and now have 13/47 hp.
You hit the orc priest.
You constrict the orc priest, but do no damage.
You constrict the orc priest.
The orc priest hits you with a +0 flail!
* * * LOW HITPOINT WARNING * * *
The orc priest hits you with a +0 mace.
You die...

Skill      XL: |  1  2  3  4  5  6  7 |
---------------+----------------------+-----
Long Blades    | 1 2 3 |  3.0
Invocations    | 1 2 3 |  3.0
Dodging        | 2 3 |  3.3
Fighting       | 3 |  3.7
Stealth        | 6 7 |  7.0
Short Blades   | |  2.0
Throwing       | |  2.3

Action                   |  1- 3 |  4- 6 |  7- 9 || total
-------------------------+-------+-------+-------++-------
Melee: Dagger            |    70 |    88 |    25 ||   183
       Constrict         |    16 |    21 |     7 ||    44
       Tentacles         |    11 |    23 |     4 ||    38
       Punch             |     1 |       |     2 ||     3
Throw: Boomerang         |       |     3 |       ||     3
       Dart              |       |     2 |       ||     2
 Stab: Sleeping          |    12 |     9 |     1 ||    22
Armor: Skin              |     7 |     4 |     2 ||    13
Dodge: Dodged            |    45 |    49 |    15 ||   109

Levels and vault maps discovered:
D:1:      onia_arrival_pyramid, layout_basic, ebering_ecumenical_altar_abandoned
D:2:      layout_basic, minmay_surrounded
D:3:      layout_basic, nicolae_overflow_hidden_temple
D:4:      layout_loops_ring, minmay_temple_entry_slanted, uniq_sigmund
D:5:      layout_layer_cave, enter_ossuary_2

Notes
Turn   | Place    | Note
-------+----------+-------------------------------------------
     0 | D:1      | spiderkeys the Octopode Brigand began the quest for the
                  | Orb.
     0 | D:1      | Reached XP level 1. HP: 14/14 MP: 1/1
     0 | D:1      | magus.rc [v1.11.3]
   303 | D:1      | Reached XP level 2. HP: 16/19 MP: 2/2
   985 | D:1      | Reached XP level 3. HP: 20/24 MP: 3/3
  1151 | D:1      | Found a faded altar of an unknown god.
  1183 | D:1      | Prayed at the altar of an unknown god.
  1183 | D:1      | Became a worshipper of Lugonu the Unformed
  1183 | D:1      | Reached * piety under Lugonu
  1183 | D:1      | Reached ** piety under Lugonu
  1308 | D:2      | Reached skill level 1 in Long Blades
  1712 | D:2      | Reached XP level 4. HP: 30/30 MP: 4/4
  1715 | D:2      | Reached skill level 1 in Invocations
  2033 | D:2      | Reached skill level 2 in Dodging
  2742 | D:3      | Noticed a necrophage
  2747 | D:3      | Killed a necrophage
  2748 | D:3      | Reached skill level 3 in Fighting
  2748 | D:3      | Reached skill level 6 in Stealth
  2748 | D:3      | Reached XP level 5. HP: 36/36 MP: 4/6
  2806 | D:3      | Reached skill level 2 in Long Blades
  2893 | D:3      | You add the spells Gell's Gravitas, Teleport Other and
                  | Dispersal to your library.
  2926 | D:3      | You pick up a book of Annihilations and begin reading...
  2926 | D:3      | You add the spells Chain Lightning, Fire Storm and Shatter
                  | to your library.
  2944 | D:3      | Reached *** piety under Lugonu
  3630 | D:4      | Reached skill level 2 in Invocations
  3886 | D:4      | Noticed Sigmund
  3895 | D:4      | Killed Sigmund
  3896 | D:4      | Reached skill level 3 in Dodging
  3896 | D:4      | Reached XP level 6. HP: 36/42 MP: 7/7
  4105 | D:4      | You pick up a book of the Hunter and begin reading...
  4105 | D:4      | You add the spells Call Canine Familiar, Portal Projectile
                  | and Leda's Liquefaction to your library.
  4219 | D:4      | Found a staircase to the Ecumenical Temple.
  4224 | D:4      | Reached XP level 7. HP: 47/47 MP: 9/9
  4753 | D:3      | Found a white marble altar of Elyvilon.
  4770 | D:5      | Entered Level 5 of the Dungeon
  4777 | D:5      | Reached skill level 3 in Long Blades
  4777 | D:5      | Reached skill level 7 in Stealth
  4797 | D:5      | Reached skill level 3 in Invocations
  4802 | D:5      | HP: 3/47 [orc priest/+0 flail (10)]
  4802 | D:5      | Slain by an orc priest

Vanquished Creatures
  Sigmund (D:4)
  A necrophage (D:3)
  3 hounds
  A jelly (D:4)
  An orc wizard (D:5)
  6 adders
  2 worms
  5 dart slugs
  An orc (D:5)
  2 ball pythons
  5 endoplasms
  6 giant cockroaches
  5 goblins
  7 hobgoblins
  7 jackals
  5 kobolds
  5 quokkas
  5 bats
  8 frilled lizards
  5 rats
81 creatures vanquished.

Table legend:
 A = Non-vault XP
 B = Vault XP
 C = Vault XP percentage of total XP
 D = Non-vault monster count
 E = Vault monster count
 F = Vault count percentage of total count
                 A         B        C        D         E       F
            +---------+---------+-------+---------+---------+-------
      Total |     478 |     258 |  35.1 |      75 |       6 |   7.4
            +---------+---------+-------+---------+---------+-------
        D:1 |      40 |       0 |   0.0 |      22 |       0 |   0.0
        D:2 |      85 |      19 |  18.3 |      23 |       5 |  17.9
        D:3 |     132 |       0 |   0.0 |      16 |       0 |   0.0
        D:4 |     145 |     239 |  62.2 |      11 |       1 |   8.3
        D:5 |      76 |       0 |   0.0 |       3 |       0 |   0.0
            +---------+---------+-------+---------+---------+-------

Illustrated notes

Table legend:
 A = Kills in this place as a percentage of kills in entire the game.
 B = Kills by you in this place as a percentage of kills by you in the entire game.
 C = Kills by friends in this place as a percentage of kills by friends in the entire game.
 D = Other kills in this place as a percentage of other kills in the entire game.
 E = Experience gained in this place as a percentage of experience gained in the entire game.
 F = Experience gained in this place divided by the number of levels of this place that you have seen.
                   A       B       C       D       E      F
               +-------+-------+-------+-------+-------+----------------------
         Total | 100.0 | 100.0 |   N/A |   N/A | 100.0 | 147.2
       Dungeon | 100.0 | 100.0 |   N/A |   N/A | 100.0 | 147.2
               +-------+-------+-------+-------+-------+----------------------

Table legend: (Time is in decaauts)
 A = Elapsed time spent in this place.
 B = Non-inter-level travel time spent in this place.
 C = Inter-level travel time spent in this place.
 D = Time resting spent in this place.
 E = Time spent auto-exploring this place.
 F = Levels seen in this place.
 G = Mean time per level.
                   A        B        C        D        E       F      G
               +--------+--------+--------+--------+--------+-----+--------+
         Total |   4784 |   4512 |    272 |     25 |   3911 |   5 |  956.8 |
       Dungeon |   4784 |   4512 |    272 |     25 |   3911 |   5 |  956.8 |
               +--------+--------+--------+--------+--------+-----+--------+

Top non-repeatable levels by time:
     D:2: 1449 daAuts
     D:1: 1292 daAuts
     D:4: 1084 daAuts
     D:3: 927 daAuts
     D:5: 30 daAuts
